 Dungeon Crawl Stone Soup version 0.22-a0-135-g6f012ad (webtiles) character file.

15 KristoblXynda the Sneak (level 2, 0/22 HPs)
             Began as a Naga Enchanter on Jan 31, 2018.
             Slain by a hobgoblin
             ... wielding a +0 club
              (3 damage)
             ... on level 1 of the Dungeon.
             The game lasted 00:01:05 (587 turns).

KristoblXynda the Sneak (Naga Enchanter)             Turns: 587, Time: 00:01:06

Health: 0/22       AC:  1    Str: 10    XL:     2   Next: 50%
Magic:  2/5        EV: 10    Int: 15    God:
Gold:   31         SH:  0    Dex: 11    Spells: 2/5 levels left

rFire    . . .     SeeInvis +   a - +1 dagger
rCold    . . .     Gourm    .   (no shield)
rNeg     . . .     Faith    .   b - +0 robe
rPois    +         Spirit   .   (no helmet)
rElec    .         Reflect  .   (no cloak)
rCorr    .         Harm     .   (no gloves)
MR       .....                  (no barding)
Stlth    +++.......             (no amulet)
HPRegen  0.07/turn              (no ring)
MPRegen  0.09/turn              (no ring)

@: short of breath, very slightly contaminated, very slow
A: large, see invisible, deformed body, poison resistance, slowness 2, slow
metabolism 1, spit poison 1, AC +0
a: Spit Poison


You were on level 1 of the Dungeon.
You were not hungry.

You visited 1 branch of the dungeon, and saw 1 of its levels.

You collected 31 gold pieces.

Inventory:

Hand Weapons
 a - a +1 dagger (weapon)
Armour
 b - a +0 robe (worn)
Scrolls
 e - a scroll of fear {unknown}
Books
 c - a book of Maledictions

   Spells                             Type                      Level
   a - Corona                         Hexes                        1
   b - Ensorcelled Hibernation        Hexes/Ice                    2
   c - Confuse                        Hexes                        3
   d - Tukima's Dance                 Hexes                        3
   e - Dazzling Spray                 Conjuration/Hexes            3
Comestibles
 d - a ration


   Skills:
 - Level 1.0 Short Blades
 - Level 1.5 Dodging
 + Level 4.9 Stealth
 + Level 2.3 Spellcasting
 + Level 3.2 Hexes


You had 2 spell levels left.
You knew the following spells:

 Your Spells              Type           Power        Failure   Level  Hunger
a - Corona                Hex            ##.....      5%          1    #......
b - Ensorcelled Hibernat  Hex/Ice        #.....       17%         2    ###....


Dungeon Overview and Level Annotations

Branches:
Dungeon (1/15)

Altars:


Innate Abilities, Weirdness & Mutations

You cannot wear boots.
Your serpentine skin is tough. (AC +0)
You have supernaturally acute eyesight. (SInv)
Armour fits poorly on your strangely shaped body.
Your system is resistant to poisons. (rPois)
You cover ground very slowly.
You have a slow metabolism.
You can spit poison.


Message History

The bat barely misses you.
Press: ? - help, Shift-Dir - straight line, f/p - kobold
Aim: a kobold, wielding a dagger The splash of poison misses the kobold.
The splash of poison misses the hobgoblin.
You feel slightly more hungry. The bat misses you.
The kobold hits you with a dagger.
You barely miss the kobold. The kobold hits you but does no damage.
The hobgoblin hits you with a club.
You have got your breath back.
The kobold hits you with a dagger.
* * * LOW HITPOINT WARNING * * *
The bat closely misses you.
You aren't carrying any potions.
Press: ? - help, Shift-Dir - straight line, p - kobold The splash of poison hits the hobgoblin.
The hobgoblin appears unharmed.
You feel slightly more hungry. The bat barely misses you.
The bat closely misses you. The hobgoblin hits you with a club.
You die...

......P P....PP.... P...P.
......P ♣..P♣ ♣...♣ ♣...♣
....... ♣)..♣ ♣P..♣ ♣P.P♣
......♣♣♣...♣♣♣P..♣♣♣...♣♣
#......P.P.P.P.PPP.P.PP.
+.......................
#......K.P.P.......P.PP.
.......♣♣♣bg.♣♣♣.÷P♣♣♣...♣♣
...##.P ♣@..♣ ♣P.P♣ ♣..P♣ .
#..♣♣♣.$P♣♣♣P..♣♣♣P..♣♣
#.P..PP...P.P.PPPP.....
....)...................
##...P.P.P..P...P.....PP
#...♣♣♣$..♣♣♣...♣♣♣P..♣♣
#..P ♣...♣ ♣P.P♣ ♣..P♣ ##.
♣P..♣♣♣...♣♣♣P..♣ .
(.P.PPP.P..P.PP.P..


You could see a hobgoblin, a bat and a kobold.

Vanquished Creatures
  A dart slug (D:1)
  A giant cockroach (D:1)
  2 goblins (D:1)
  4 jackals (D:1)
  A ball python (D:1)
  2 bats (D:1)
  A frilled lizard (D:1)
12 creatures vanquished.

Notes
Turn   | Place    | Note
-------+----------+-------------------------------------------
     0 | D:1      | KristoblXynda the Naga Enchanter began the quest for the Orb.
     0 | D:1      | Reached XP level 1. HP: 15/15 MP: 3/3
   305 | D:1      | Reached XP level 2. HP: 21/22 MP: 5/5
   556 | D:1      | Learned a level 2 spell: Ensorcelled Hibernation
   587 | D:1      | Slain by a hobgoblin

Vault maps used:
D:1:      sevenhm_arrival_forest_fort_small_3, minmay_misc_feat_columns,
          kennysheep_boxes

Action                   || total
-------------------------++-------
Melee: Dagger            ||    41
 Cast: Ensorcelled Hiber ||     1
 Abil: Spit Poison       ||     7
 Stab: Sleeping          ||     1
Armor: Robe              ||    13
Dodge: Dodged            ||    32

Table legend:
 A = Spawn XP
 B = Non-spawn XP
 C = Spawn XP percentage of total XP
 D = Spawn monster count
 E = Non-spawn monster count
 F = Spawn count percentage of total count
 G = Total turns spent on level
                    A         B        C        D         E        F      G
               +---------+---------+-------+---------+---------+-------+---------
         Total |       0 |      22 |   0.0 |       0 |      12 |   0.0 |   587
               +---------+---------+-------+---------+---------+-------+---------
           D:1 |       0 |      22 |   0.0 |       0 |      12 |   0.0 |   587
               +---------+---------+-------+---------+---------+-------+---------
